 Dungeon Crawl Stone Soup version 0.26-a0-708-g17f3b190f9 (webtiles) character file.

Game seed: 1937288834153928263

217995 GordonOverkill the Alchemist (level 18, -10/147 HPs)
             Began as a Spriggan Venom Mage on Oct 29, 2020.
             Was the Champion of Ashenzari.
             Killed from afar by a deep elf knight (36 damage)
             ... with a shard of ice
             ... on level 2 of the Elven Halls.
             The game lasted 02:09:40 (52894 turns).

GordonOverkill the Alchemist (Spriggan Venom Mage) Turns: 52894, Time: 02:09:40

Health: -10/147    AC: 16    Str: 14    XL:     18   Next: 40%
Magic:  44/47      EV: 15    Int: 28    God:    Ashenzari [******]
Gold:   909        SH:  0    Dex: 24    Spells: 15/47 levels left

rFire    + + .     SeeInvis +   (weapon currently unavailable)
rCold    . . .     Faith    .   (shield currently unavailable)
rNeg     . . .     Spirit   .   (armour currently unavailable)
rPois    +         Reflect  .   (helmet currently unavailable)
rElec    .         Harm     .   (cloak currently unavailable)
rCorr    .         Rampage  .   (gloves unavailable)
MR       +++..     Clarity  +   (boots unavailable)
Stlth    ++++......             u - amulet of the acrobat
HPRegen  0.34/turn              Z - ring "Kithrihiedd" {rC+ Int+5 Dex+6 Slay+3}
MPRegen  0.30/turn              e - ring of magical power

@: dragon-form, flying
A: giant, unfitting armour, see invisible, blink, wild magic 1
}: 1/15 runes: gossamer
a: End Transformation, Blink, Curse Item, Scrying, Transfer Knowledge, Renounce
Religion, Breathe Fire


You were on level 2 of the Elven Halls.
You worshipped Ashenzari.
Ashenzari was exalted by your worship.
You were a fearsome dragon!
You visited 6 branches of the dungeon, and saw 27 of its levels.
You visited the Abyss 2 times.
You also visited: Ossuary and Ice Cave.

You collected 3787 gold pieces.
You spent 2878 gold pieces at shops.

Inventory:

Hand Weapons
 n - the cursed +8 dagger of the Extremes (melded) {vorpal, *Noise *Drain +Inv Int+6}
   (You found it on level 5 of the Dungeon)

   It inflicts extra damage upon your enemies.
   It affects your intelligence (+6).
   It lets you turn invisible.
   It may make noises in combat.
   It causes draining when unequipped.
   It has a curse placed upon it.
 x - the +11 flail "Uvviaph" {vorpal, Int+7}
   (You found it on level 7 of the Dungeon)

   It inflicts extra damage upon your enemies.
   It affects your intelligence (+7).
Missiles
 g - 3 throwing nets
 p - 117 poisoned darts (quivered)
Armour
 q - a cursed scarf of resistance (melded)
 w - a cursed +2 hat of magic resistance (melded)
 L - a +1 robe of the Archmagi
 O - cursed +4 steam dragon scales (melded)
 V - the cursed +2 buckler of Claustrophobia (melded) {rC+ Dex+4}
   (You found it on level 6 of the Lair of Beasts)

   It affects your dexterity (+4).
   It protects you from cold.
   It has a curse placed upon it.
Magical Staves
 S - an uncursed staff of cold
Jewellery
 e - a ring of magical power (right foreclaw)
 j - an uncursed amulet of faith
 u - an amulet of the acrobat (around neck)
 I - an uncursed ring of wizardry
 M - an uncursed ring of protection from cold
 T - an uncursed ring of protection from fire
 U - an uncursed ring of protection from magic
 Z - the ring "Kithrihiedd" (left foreclaw) {rC+ Int+5 Dex+6 Slay+3}
   (You found it on level 4 of the Spider Nest)

   [ring of dexterity]

   It affects your intelligence (+5).
   It affects your dexterity (+6).
   It affects your accuracy and damage with ranged weapons and melee attacks
   (+3).
   It protects you from cold.
Wands
 E - a wand of acid (11)
 F - a wand of paralysis (14)
 J - a wand of disintegration (8)
 P - a wand of flame (27)
Scrolls
 i - 4 scrolls of amnesia
 k - 5 scrolls of blinking
 m - 5 scrolls of immolation
 o - 13 scrolls of remove curse
 y - 5 scrolls of fear
 C - 5 scrolls of magic mapping
 D - 6 scrolls of teleportation
 N - 6 scrolls of identify
 Q - 3 scrolls of fog
Potions
 a - 3 potions of resistance
 b - 9 potions of heal wounds
 c - 7 potions of haste
 d - 20 potions of curing
 h - 2 potions of flight
 l - a potion of magic
 r - 3 potions of lignification
 s - 3 potions of brilliance
 t - 2 potions of cancellation
 v - 4 potions of invisibility
 z - 11 potions of ambrosia
 A - 8 potions of mutation
 B - a potion of berserk rage
 K - 5 potions of might
 Y - a potion of stabbing
Miscellaneous
 f - a phial of floods
 X - a condenser vane (2/2)


   Skills:
 + Level 12.2 Fighting
 - Level 8.0(12.4) Short Blades
 + Level 7.6(12.1) Dodging
 - Level 3.0(6.8) Stealth
 - Level 8.0(11.0) Shields
 - Level 15.0 Spellcasting
 - Level 12.0 Conjurations
 - Level 18.0 Transmutations
 - Level 2.0 Fire Magic
 - Level 4.0 Air Magic
 - Level 8.0 Earth Magic
 - Level 10.0 Poison Magic
 - Level 3.0 Evocations


You had 15 spell levels left.
You knew the following spells:

 Your Spells              Type           Power        Failure   Level
a - Sting                 Tmut/Pois      ####         1%          1
b - Poisonous Vapours     Pois/Air       ######       1%          2
c - Ignite Poison         Fire/Tmut/Pois #######.     1%          3
d - Mephitic Cloud        Conj/Pois/Air  ######..     1%          3
e - Olgreb's Toxic Radia  Pois           #######.     1%          4
f - Dragon Form           Tmut           ########..   2%          7
g - Statue Form           Tmut/Erth      #######..    3%          6
h - Ozocubu's Refrigerat  Ice            ####......   99%         6

Your spell library contained the following spells:

 Spells                   Type           Power        Failure   Level
 Magic Dart               Conj           ####         1%          1
 Sandblast                Erth           ######       1%          1
 Passwall                 Tmut/Erth      #######.     1%          2
 Conjure Flame            Conj/Fire      ######..     1%          3
 Stone Arrow              Conj/Erth      ######       1%          3
 Petrify                  Tmut/Erth      #######.     1%          4
 Irradiate                Conj/Tmut      #######...   1%          5
 Hydra Form               Tmut           ########..   1%          6
 Corpse Rot               Necr/Air       N/A          3%          2
 Hailstorm                Conj/Ice       ######..     3%          4
 Yara's Violent Unravell  Hex/Tmut       #######...   3%          5
 Freeze                   Ice            ####         4%          1
 Pain                     Necr           ####         4%          1
 Lee's Rapid Deconstruct  Erth           ######....   4%          5
 Blink                    Tloc           N/A          6%          2
 Call Imp                 Summ           ####....     6%          2
 Ensorcelled Hibernation  Hex/Ice        ####..       6%          2
 Slow                     Hex            ####....     6%          2
 Confusing Touch          Hex            ####....     11%         3
 Frozen Ramparts          Ice            ####..       11%         3
 Gell's Gravitas          Tloc           ####......   11%         3
 Ozocubu's Armour         Ice            ####....     11%         3
 Vampiric Draining        Necr           ####......   11%         3
 Summon Lightning Spire   Summ/Air       #####...     16%         4
 Borgnjor's Vile Clutch   Necr/Erth      ######....   19%         5
 Conjure Ball Lightning   Conj/Air       ######....   21%         6
 Animate Dead             Necr           ####......   32%         4
 Summon Ice Beast         Ice/Summ       ####....     32%         4
 Silence                  Hex/Air        #####.....   36%         5
 Freezing Cloud           Conj/Ice/Air   ######....   47%         6
 Metabolic Englaciation   Hex/Ice        ####......   63%         5
 Death Channel            Necr           ####......   99%         6
 Simulacrum               Ice/Necr       ####......   99%         6
 Tornado                  Air            ######....   100%        9


Dungeon Overview and Level Annotations

Branches:
Dungeon (12/15)            Temple (1/1) D:4            Lair (6/6) D:11
 Shoals (0/4) Lair:4       Spider (4/4) Lair:3        Slime (0/5) Lair:5
    Orc (2/2) D:11            Elf (2/3) Orc:2       Ossuary (visited)
  IceCv (visited)

Altars:
Ashenzari
Cheibriados
Dithmenos
Elyvilon
Fedhas
Gozag
Hepliaklqana
Kikubaaqudgha
Makhleb
Nemelex Xobeh
Okawaru
Qazlal
Ru
Sif Muna
Trog
Uskayaw
Vehumet
Wu Jian
Xom
Yredelemnul
Zin
The Shining One
Beogh

Shops:
D:7 }   Orc:2 ?!:[   Elf:1 [

Portals:
Abyss: Lair:6

Annotations:
D:12 1 runed translucent door
Lair:6 2 transporters, Kokeiq's ghost, journeyman DrFE
Spider:3 2 transporters, Sajuapom's ghost, adept MiFi


Innate Abilities, Weirdness & Mutations

You are very small and have problems with some larger weapons.
You are too small for most types of armour.
You have supernaturally acute eyesight. (SInv)
((You cover ground extremely quickly.))
You can translocate small distances at will.
((Your flesh is heat resistant. (rF+)))
Your spells are a little harder to cast, but a little more powerful.


Message History

The +1 vampiric eveningstar hits you but does no damage.
Number of times to repeat, then command key: You must enter the number of times for the command to repeat.
As you read the scroll of teleportation, it crumbles to dust.
You feel strangely unstable. The +1 vampiric eveningstar hits you!
The +0 trident of freezing hits you but does no damage.
The +1 vampiric eveningstar completely misses you.
Items here: ( )) [ †.
Your surroundings suddenly seem different.
The +0 lajatang of distortion hits you!!
* * * LOW HITPOINT WARNING * * *
You blink.
Unknown command.
Press: ? - help, Dir - move target cursor
As you read the scroll of blinking, it crumbles to dust.
The deep elf knight shouts!
The deep elf mage shouts!
The deep elf mage mumbles some strange words.
The deep elf knight casts a spell at you.
The shard of ice hits you!!!
You die...

, * , , ,* ##(..# #....
, * ......#####...#*
#.... *, ,**,
,........##...## ##...
* ,.............## ##..
,,, , ..............##
##. ,,,,, ,
...e...........# ## ,
,,, ,#...........## *,,
,, , , *#.........##
........###...D.....##
,
.........#...........##
,
......................#
.....................##
,.......e............##
* ,#.............#...##
.
**#...........###...#*
.. * ##..§......##
##...# ...
##...........###...##


You could see a deep elf knight and a deep elf mage.

Vanquished Creatures
  Saint Roka (Orc:2)
  An Ice Fiend (IceCv)
  A deep elf blademaster (Elf:2)
  A deep elf master archer (Elf:1)
  A tentacled starspawn (Abyss:3)
  Gastronok (Lair:1)
  Kirke (Spider:4)
  Donald (Spider:4)
  6 emperor scorpions
  5 ghost moths (Spider:4)
  A deep elf sorcerer (Elf:2)
  An orc warlord (Orc:2)
  An entropy weaver (Spider:4)
  A lorocyproca (Abyss:3)
  A spark wasp (Spider:4)
  3 deep elf annihilators
  A deep elf death mage (Elf:2)
  6 ogre magi
  A deep elf high priest (Elf:2)
  Erolcha (Orc:2)
  5 boulder beetles
  12 hydras
  A catoblepas (Lair:6)
  13 dancing weapons
  A deep troll shaman (Lair:6)
  2 two-headed ogres
  14 death yaks
  2 thrashing horrors (Abyss:2)
  8 deep elf knights
  An orc high priest (Orc:1)
  Nergalle (Orc:2)
  A skeletal warrior (D:12)
  A hell knight (Abyss:2)
  A wretched star (Abyss:3)
  A lindwurm (Lair:5)
  A glowing orange brain (Abyss:3)
  7 deep elf archers
  A shadow demon (Abyss:3)
  A lindwurm (shapeshifter) (Elf:2)
  12 orc knights
  23 orb spiders
  24 wolf spiders
  37 deep elf magi
  14 orc sorcerers
  2 cyclopes
  An ugly thing (D:11)
  A manticore (D:11)
  23 elephants
  3 black mambas
  3 merfolk sirens (Lair:4)
  Maurice (Orc:2)
  3 moths of wrath
  Psyche (D:9)
  2 water nymphs (Abyss:3)
  A cane toad (shapeshifter) (Elf:1)
  7 torpor snails
  An orange demon (Abyss:2)
  10 cane toads
  An emperor scorpion zombie (Abyss:3)
  5 ice devils (IceCv)
  4 freezing wraiths (IceCv)
  9 demonic crawlers
  10 komodo dragons
  A golden dragon simulacrum (IceCv)
  2 anaconda simulacra (IceCv)
  An ancient zyme (Abyss:3)
  A merfolk (Lair:4)
  A queen bee (Lair:4)
  10 trolls
  3 meliai (Lair:4)
  34 jumping spiders
  A wind drake (shapeshifter) (Elf:1)
  35 blink frogs
  4 polar bears
  7 hornets
  5 dream sheep (Lair:6)
  4 raiju
  Sigmund (D:3)
  4 large abominations
  3 air elementals (Elf:1)
  An ettin skeleton (Abyss:3)
  4 wraiths
  3 dire elephant simulacra (IceCv)
  31 tarantellas
  5 wyverns
  100 redbacks
  4 water elementals
  46 yaks
  2 fire elementals (Elf:1)
  4 hogs (Spider:4)
  2 humans (D:9)
  5 basilisks
  A steam dragon (D:10)
  5 harpy simulacra (IceCv)
  8 wargs
  A hydra simulacrum (IceCv)
  3 iron troll simulacra (IceCv)
  A soldier ant (D:12)
  16 water moccasins
  30 orc warriors
  10 black bears
  2 sky beasts
  6 ice beasts
  An alligator simulacrum (IceCv)
  A phantom (D:6)
  An eye of draining (D:10)
  A necrophage (D:10)
  3 centaurs
  8 wolves
  8 ogres
  A gnoll sergeant (D:5)
  3 big kobolds
  19 bullfrogs
  3 earth elementals
  3 scorpions
  4 small abominations
  21 killer bees
  5 wights
  2 elephant simulacra (IceCv)
  2 howler monkeys
  2 bullfrog zombies
  A draconian simulacrum (IceCv)
  A centaur skeleton (D:11)
  A human zombie (Ossuary)
  12 orc priests
  4 hounds
  A jelly (D:12)
  3 bullfrog skeletons
  An iron imp (Abyss:3)
  35 orc wizards
  4 iguanas
  6 worker ants
  4 hell rats (Lair:4)
  6 troll simulacra (IceCv)
  2 polar bear simulacra (IceCv)
  A killer bee zombie (D:7)
  3 big kobold zombies (Ossuary)
  A centaur simulacrum (IceCv)
  A hound zombie (D:6)
  5 mummies (Ossuary)
  A worker ant zombie (D:7)
  6 gnolls
  10 adders
  3 naga simulacra (IceCv)
  2 ogre simulacra (IceCv)
  A shadow imp (D:7)
  6 white imps
  3 ufetubi
  An adder zombie (D:3)
  An adder skeleton (D:5)
  3 worms
  4 leopard geckos
  92 orcs
  8 bats
  5 giant cockroaches
  7 goblins
  7 hobgoblins
  11 jackals
  22 kobolds
  3 quokkas
  3 frilled lizards (D:2)
  A goblin zombie (Ossuary)
  A hobgoblin zombie (Ossuary)
  A kobold zombie (Ossuary)
  An orc zombie (Ossuary)
  A quokka skeleton (D:5)
  A quokka zombie (D:6)
  7 rats
  A starspawn tentacle (Abyss:3)
1108 creatures vanquished.

Vanquished Creatures (others)
  A human (Spider:4)
  A white imp (IceCv)
  An ufetubus (IceCv)
  26 fungi
  32 plants
  8 starspawn tentacles
69 creatures vanquished.

Grand Total: 1177 creatures vanquished

Notes
Turn   | Place    | Note
-------+----------+-------------------------------------------
     0 | D:1      | GordonOverkill the Spriggan Venom Mage began the quest for
                  | the Orb.
     0 | D:1      | Reached XP level 1. HP: 9/9 MP: 5/5
   403 | D:1      | Reached skill level 2 in Transmutations
   449 | D:1      | Reached XP level 2. HP: 7/13 MP: 2/7
  1385 | D:2      | Reached XP level 3. HP: 16/16 MP: 2/8
  1389 | D:2      | Learned a level 2 spell: Poisonous Vapours
  1438 | D:2      | Learned a level 3 spell: Ignite Poison
  2366 | D:3      | Reached skill level 3 in Transmutations
  2566 | D:3      | Reached XP level 4. HP: 11/21 MP: 3/10
  2917 | D:3      | Learned a level 3 spell: Mephitic Cloud
  3173 | D:3      | Reached skill level 1 in Air Magic
  3210 | D:3      | Reached skill level 1 in Fire Magic
  3401 | D:3      | Noticed Sigmund
  3439 | D:3      | Killed Sigmund
  3439 | D:3      | Reached skill level 1 in Conjurations
  3439 | D:3      | Reached skill level 4 in Transmutations
  3439 | D:3      | Reached XP level 5. HP: 24/24 MP: 9/13
  3439 | D:3      | Reached XP level 6. HP: 28/28 MP: 9/14
  4105 | D:4      | Found a staircase to the Ecumenical Temple.
  4212 | Temple   | Entered the Ecumenical Temple
  4655 | Temple   | Became a worshipper of Ashenzari the Shackled
  5626 | D:5      | Entered Level 5 of the Dungeon
  5699 | D:5      | Learned a level 4 spell: Olgreb's Toxic Radiance
  5930 | D:5      | Reached skill level 5 in Spellcasting
  6063 | D:5      | Reached XP level 7. HP: 32/32 MP: 15/15
  6195 | D:5      | Reached skill level 1 in Shields
  6195 | D:5      | Reached skill level 5 in Transmutations
  6704 | D:5      | Got the dagger of the Extremes {vorpal, *Noise *Drain +Inv
                  | Int+6}
  6711 | D:5      | Identified the +8 dagger of the Extremes {vorpal, *Noise
                  | *Drain +Inv Int+6} (You found it on level 5 of the Dungeon)
  6721 | D:5      | Reached skill level 5 in Poison Magic
  7291 | D:6      | Found a sand-covered staircase.
  7297 | Ossuary  | Entered an ossuary
  7451 | Ossuary  | Reached XP level 8. HP: 29/36 MP: 16/16
  8142 | D:6      | Reached skill level 5 in Shields
  8440 | D:6      | Reached * piety under Ashenzari
  8676 | D:7      | Found a hazy altar of Hepliaklqana.
  8678 | D:7      | Found a hide-covered altar of Uskayaw.
  8724 | D:7      | Gained mutation: Your spells are a little harder to cast,
                  | but a little more powerful. [potion of mutation]
  8724 | D:7      | Gained mutation: Your flesh is heat resistant. (rF+)
                  | [potion of mutation]
  8724 | D:7      | Gained mutation: You can translocate small distances at
                  | will. [potion of mutation]
  9074 | D:7      | Reached XP level 9. HP: 31/39 MP: 17/17
  9342 | D:7      | Found Norph's Gadget Shop.
  9693 | D:7      | Found a shimmering altar of Xom.
  9693 | D:7      | Found a shimmering altar of Xom.
  9693 | D:7      | Found a shimmering altar of Xom.
  9715 | D:7      | Found a shimmering altar of Xom.
  9715 | D:7      | Found a shimmering altar of Xom.
  9716 | D:7      | Found a shimmering altar of Xom.
 10369 | D:7      | Got the flail "Uvviaph" {vorpal, Int+7}
 10406 | D:8      | Found a radiant altar of Vehumet.
 10413 | D:8      | Found a sparkling altar of Nemelex Xobeh.
 11940 | D:9      | Reached skill level 1 in Evocations
 11952 | D:9      | Reached skill level 1 in Fighting
 12115 | D:9      | Found a blossoming altar of Fedhas.
 12281 | D:9      | Noticed a troll
 12288 | D:9      | Killed a troll
 12288 | D:9      | Reached skill level 6 in Transmutations
 12739 | D:9      | Reached skill level 7 in Transmutations
 12818 | D:9      | Noticed a troll
 12826 | D:9      | Killed a troll
 12826 | D:9      | Reached XP level 10. HP: 49/49 MP: 7/18
 12953 | D:9      | Noticed Psyche
 12958 | D:9      | Killed Psyche
 12968 | D:9      | Reached skill level 8 in Transmutations
 13462 | D:9      | Found an iron altar of Okawaru.
 13611 | D:9      | Reached skill level 9 in Transmutations
 13858 | D:9      | Reached ** piety under Ashenzari
 14371 | D:10     | Entered Level 10 of the Dungeon
 14665 | D:10     | Reached skill level 5 in Fighting
 14968 | D:10     | Reached skill level 10 in Transmutations
 15873 | D:10     | Identified the +11 flail "Uvviaph" {vorpal, Int+7} (You
                  | found it on level 7 of the Dungeon)
 16455 | D:11     | Reached XP level 11. HP: 55/55 MP: 14/22
 16617 | D:11     | Noticed a seven-headed hydra
 16681 | D:11     | Killed a seven-headed hydra
 16759 | D:11     | Noticed a cyan ugly thing
 16774 | D:11     | Killed a cyan ugly thing
 17174 | D:11     | Found a staircase to the Orcish Mines.
 17833 | D:11     | Noticed a boulder beetle
 17882 | D:11     | Killed a boulder beetle
 18411 | D:11     | Noticed a two-headed ogre
 18415 | D:11     | Killed a two-headed ogre
 18709 | D:11     | Found a staircase to the Lair.
 18942 | D:11     | Reached skill level 10 in Spellcasting
 19226 | Lair:1   | Entered Level 1 of the Lair of Beasts
 19238 | Lair:1   | Noticed Gastronok
 19249 | Lair:1   | Killed Gastronok
 19249 | Lair:1   | Reached XP level 12. HP: 63/63 MP: 18/27
 19751 | Lair:1   | Noticed a five-headed hydra
 19754 | Lair:1   | Noticed a four-headed hydra
 19848 | Lair:1   | Killed a four-headed hydra
 19904 | Lair:1   | Killed a five-headed hydra
 20785 | Lair:1   | Noticed a four-headed hydra
 20828 | Lair:1   | Killed a four-headed hydra
 20828 | Lair:1   | Reached skill level 5 in Conjurations
 20828 | Lair:1   | Reached skill level 10 in Poison Magic
 21802 | Lair:2   | Noticed a death yak
 21803 | Lair:2   | Noticed a death yak
 21804 | Lair:2   | Noticed a death yak
 21834 | Lair:2   | Killed a death yak
 21837 | Lair:2   | Killed a death yak
 21857 | Lair:2   | Killed a death yak
 22188 | Lair:2   | Reached XP level 13. HP: 67/67 MP: 10/28
 22563 | Lair:3   | Found a hole to the Spider Nest.
 23003 | Lair:3   | Reached *** piety under Ashenzari
 24781 | Lair:4   | Found a hazy altar of Hepliaklqana.
 25956 | Lair:4   | Found a staircase to the Shoals.
 26436 | Lair:5   | Reached **** piety under Ashenzari
 26737 | Lair:5   | Found a transporter.
 26738 | Lair:5   | Found a transporter.
 26749 | Lair:5   | Found a shimmering blue altar of Sif Muna.
 26862 | Lair:5   | Found a staircase to the Slime Pits.
 27255 | Lair:6   | Entered Level 6 of the Lair of Beasts
 27484 | Lair:6   | Reached XP level 14. HP: 66/73 MP: 19/30
 27648 | Lair:6   | Reached skill level 10 in Conjurations
 29739 | Lair:6   | Found a one-way gate to the infinite horrors of the Abyss.
 29740 | Lair:6   | Noticed Kokeiq's ghost (journeyman DrFE)
 29740 | Lair:6   | Identified the cursed +1 trident of Optuwytt {distort, MR+
                  | Dex+2}
 29741 | Lair:6   | Found a transporter.
 30187 | Lair:6   | Found a transporter.
 30411 | Lair:6   | Reached skill level 10 in Fighting
 31188 | Lair:6   | Got the uncursed buckler of Claustrophobia {rC+ Dex+4}
 31199 | Lair:6   | Identified the +2 buckler of Claustrophobia {rC+ Dex+4}
                  | (You found it on level 6 of the Lair of Beasts)
 31201 | Lair:6   | Identified the +3 hand crossbow "Nearoa" {elec, rF+ Str+4
                  | SInv} (You found it on level 6 of the Lair of Beasts)
 31203 | Lair:6   | Identified 2 scrolls of acquirement
 31204 | Lair:6   | Acquired a cursed scarf of resistance
 31217 | Lair:6   | Acquired 1062 gold pieces
 31840 | D:12     | Found a white marble altar of Elyvilon.
 32094 | D:12     | Found a runed translucent door.
 32249 | D:12     | Reached XP level 15. HP: 80/80 MP: 31/31
 32448 | Orc:1    | Entered Level 1 of the Orcish Mines
 32733 | Orc:1    | Reached skill level 1 in Short Blades
 33431 | Orc:1    | Found a shimmering altar of Xom.
 34350 | Orc:2    | Entered Level 2 of the Orcish Mines
 34431 | Orc:2    | Noticed Erolcha
 34436 | Orc:2    | Killed Erolcha
 34813 | Orc:2    | Found a staircase to the Elven Halls.
 35091 | Orc:2    | Noticed Maurice
 35099 | Orc:2    | Killed Maurice
 35255 | Orc:2    | Noticed Saint Roka
 35269 | Orc:2    | Killed Saint Roka
 35888 | Orc:2    | Found Genad's Antique Armour Shoppe.
 36014 | Orc:2    | Found a roughly hewn altar of Beogh.
 36091 | Orc:2    | Noticed an orc warlord
 36095 | Orc:2    | Killed an orc warlord
 36462 | Orc:2    | Found a radiant altar of Vehumet.
 36645 | Orc:2    | Reached ***** piety under Ashenzari
 36677 | Orc:2    | Noticed Nergalle
 36688 | Orc:2    | Killed Nergalle
 36839 | Orc:2    | Found an ancient bone altar of Kikubaaqudgha.
 36889 | Orc:2    | Found a roughly hewn altar of Beogh.
 36889 | Orc:2    | Found Dokkaeh's Distillery.
 36990 | Orc:2    | Found Wilaizun's Magic Scroll Emporium.
 37000 | Orc:2    | Found Qatiuvat's Book Shoppe.
 37034 | Orc:2    | Bought a scroll of amnesia for 49 gold pieces
 37034 | Orc:2    | Bought a scroll of teleportation for 42 gold pieces
 37034 | Orc:2    | Bought a scroll of enchant armour for 105 gold pieces
 37034 | Orc:2    | Bought a scroll of blinking for 105 gold pieces
 37044 | Orc:2    | Bought the Almanac of Necromancy and the Snowflakes for 799
                  | gold pieces
 37044 | Orc:2    | Bought a book of Transfigurations for 770 gold pieces
 37058 | Orc:2    | Bought a potion of mutation for 112 gold pieces
 37058 | Orc:2    | Bought a potion of might for 56 gold pieces
 37058 | Orc:2    | Bought a potion of ambrosia for 112 gold pieces
 37058 | Orc:2    | Bought a potion of invisibility for 112 gold pieces
 37058 | Orc:2    | Bought a potion of ambrosia for 112 gold pieces
 37058 | Orc:2    | Bought a potion of heal wounds for 70 gold pieces
 37058 | Orc:2    | Bought a potion of heal wounds for 70 gold pieces
 37264 | D:7      | Bought a wand of acid (9) for 364 gold pieces
 37382 | Orc:2    | Identified the +0 leather armour of Ugeusuhi {Rampage} (You
                  | found it on level 6 of the Dungeon)
 37382 | Orc:2    | Identified the +1 leather armour "Tulugu" {Rampage rF-
                  | Str-2 Dex+8}
 37448 | Orc:2    | Learned a level 7 spell: Dragon Form
 37455 | Orc:2    | Learned a level 6 spell: Statue Form
 37462 | Orc:2    | Learned a level 6 spell: Ozocubu's Refrigeration
 37705 | Spider:1 | Entered Level 1 of the Spider Nest
 37998 | Spider:1 | Found a frozen archway.
 38007 | Spider:1 | Reached skill level 11 in Transmutations
 38016 | Spider:1 | Reached XP level 16. HP: 69/88 MP: 9/34
 38037 | IceCv    | Entered an ice cave
 39766 | IceCv    | Noticed an Ice Fiend
 40135 | IceCv    | Killed an Ice Fiend
 40135 | IceCv    | Reached skill level 12 in Transmutations
 40207 | IceCv    | Identified the +3 plate armour of the Game Afoot {rElec}
 40930 | Spider:1 | Reached skill level 13 in Transmutations
 41705 | Spider:2 | Reached skill level 14 in Transmutations
 42359 | Spider:2 | Reached skill level 15 in Transmutations
 43924 | Spider:3 | Reached skill level 1 in Earth Magic
 43926 | Spider:3 | Reached skill level 16 in Transmutations
 44395 | Spider:3 | Noticed Sajuapom's ghost (adept MiFi)
 44412 | Spider:3 | Found a transporter.
 44420 | Spider:3 | Found a transporter.
 45086 | Spider:4 | Entered Level 4 of the Spider Nest
 45575 | Spider:4 | Identified the ring "Kithrihiedd" {rC+ Int+5 Dex+6 Slay+3}
 45604 | Spider:4 | Reached XP level 17. HP: 60/93 MP: 16/35
 46044 | Spider:4 | Noticed Donald
 46066 | Spider:4 | Killed Donald
 46158 | Spider:4 | Reached skill level 17 in Transmutations
 46380 | Spider:4 | Reached skill level 5 in Earth Magic
 47333 | Spider:4 | Noticed Kirke
 47359 | Spider:4 | Killed Kirke
 47368 | Spider:4 | Reached skill level 18 in Transmutations
 48008 | Spider:4 | Reached skill level 5 in Dodging
 48548 | Spider:4 | Got a gossamer rune of Zot
 48788 | Elf:1    | Entered Level 1 of the Elven Halls
 49152 | Elf:1    | Noticed a deep elf master archer
 49156 | Elf:1    | Reached skill level 5 in Short Blades
 49167 | Elf:1    | Killed a deep elf master archer
 49168 | Elf:1    | Cast into level 2 of the Abyss (+7 hand axe of distortion)
 49231 | Abyss:2  | Found a corrupted altar of Lugonu.
 49852 | Abyss:3  | Lost strength.
 49878 | Elf:1    | Escaped the Abyss
 50145 | Elf:1    | Found Ecwih's Antique Armour Boutique.
 51308 | Elf:2    | Reached XP level 18. HP: 98/98 MP: 36/36
 51475 | Elf:2    | Found a runed translucent gate.
 51475 | Elf:2    | Found a runed translucent gate.
 51475 | Elf:2    | Found a runed translucent gate.
 52222 | Elf:2    | Reached skill level 15 in Spellcasting
 52478 | Elf:2    | Reached ****** piety under Ashenzari
 52588 | Elf:2    | Cast into level 2 of the Abyss (+0 lajatang of distortion)
 52714 | Abyss:2  | Acquired a book of the Sky
 52761 | Abyss:3  | Noticed a bone dragon
 52785 | Elf:2    | Escaped the Abyss
 52894 | Elf:2    | Killed from afar by a deep elf knight

Illustrated notes

Levels and vault maps discovered:
D:1:      dpeg_arrival_stonehenge_12_columns, layout_rooms,
          corexii_item_surrounded_by_moat
D:2:      layout_loops_cross, kennysheep_generic_room_12
D:3:      layout_basic, uniq_sigmund
D:4:      layout_basic, minmay_temple_entry_slanted, kennysheep_boxes
D:5:      layout_basic, grunt_decor_mini_mirrors, patterned_corridor
D:6:      minmay_cornered_nines, layout_cave_pools, enter_ossuary_5,
          serial_bayou_pond_a
D:7:      layout_cave_pods, nicolae_overflow_hidden_temple, serial_shops,
          nicolae_shop_behind_doors, xom_redecorated
D:8:      layout_basic, nicolae_overflow_crystal_walls,
          overflow_temple_1_default
D:9:      layout_basic, basic_altar, okawaru_humans, uniq_psyche
D:10:     layout_stronghold
D:11:     layout_small_grid, david_lair_generic
D:12:     layout_grid_maze, ebering_ghost_inner_flame, elyvilon_altar_4
Temple:   hc_temple_tempest_star
Lair:1:   layout_regular_city, beast_lair_carwin_7, uniq_gastronok
Lair:2:   layout_long_grid, chequers_serial_rivers_room_b
Lair:3:   layout_regular_city, spider_nest_entry_a, infiniplex_staircase_pool_2
Lair:4:   layout_gridlike, elwin_shoals_entry_stream, basic_altar, special_room
          [special_room_bee]
Lair:5:   gammafunk_boulding_lane, layout_big_grid, dpeg_slime_entry_corner,
          basic_altar
Lair:6:   grunt_lair_end_beastmaster, layout_long_grid,
          gammafunk_ghost_abyssal_escape
Spider:1: layout_spider_delve, portal_ice_cave_entry_pillars_2
Spider:2: layout_spider_delve
Spider:3: layout_spider_delve, gammafunk_ghost_arena
Spider:4: spider_rune_water, uniq_kirke, uniq_donald
Orc:1:    layout_caves, basic_altar, guppyfry_orc_lava_fort
Orc:2:    kennysheep_orc_mage_school, layout_caves, basic_altar, uniq_erolcha,
          uniq_maurice, uniq_saint_roka
Elf:1:    elf_arrival_002, layout_loops_corners, serial_shops, shop,
          minivault_28
Elf:2:    layout_geoelf_diagonals, grunt_megastairs_2

Skill      XL: |  1  2  3  4  5  6  7  8  9 10 11 12 13 14 15 16 17 18 |
---------------+-------------------------------------------------------+-----
Spellcasting   | 3 4 5 7 10 11 13 15 | 15.0
Transmutations | 2 3 4 5 7 10 11 16 18 | 18.0
Air Magic      | 1 2 3 4 |  4.0
Fire Magic     | 1 2 |  2.0
Conjurations   | 1 2 5 9 11 12 | 12.0
Poison Magic   | 4 5 6 8 10 | 10.0
Shields        | 3 6 8 |  8.0
Evocations     | 3 |  3.0
Fighting       | 3 5 7 8 10 11 12 | 12.2
Short Blades   | 3 8 |  8.0
Earth Magic    | 4 8 |  8.0
Dodging        | 5 7 |  7.6
Stealth        | |  3.0

Action                   |  1- 3 |  4- 6 |  7- 9 | 10-12 | 13-15 | 16-18 || total
-------------------------+-------+-------+-------+-------+-------+-------++-------
Melee: Trident           |    13 |     6 |    19 |       |       |       ||    38
       Spear             |     1 |       |       |       |       |       ||     1
       Dagger            |       |       |   110 |   132 |    33 |   758 ||  1033
       Unarmed           |       |       |       |       |       |    26 ||    26
       Bite              |       |       |       |       |       |     5 ||     5
       Tailslap          |       |       |       |       |       |     6 ||     6
Throw: Dart              |       |       |       |     1 |     2 |       ||     3
 Cast: Sting             |    95 |    43 |    35 |   132 |   201 |    42 ||   548
       Poisonous Vapours |       |    52 |   144 |   230 |   370 |   269 ||  1065
       Mephitic Cloud    |       |     1 |     1 |       |    16 |    53 ||    71
       Olgreb's Toxic Ra |       |     2 |       |     2 |    70 |    68 ||   142
       Ignite Poison     |       |       |    68 |   158 |   345 |   271 ||   842
       Dragon Form       |       |       |       |       |       |     6 ||     6
       Statue Form       |       |       |       |       |       |    42 ||    42
Invok: Scrying           |       |       |       |     1 |     1 |       ||     2
       Curse Item        |       |       |       |       |     5 |       ||     5
 Abil: Evoke Flight      |       |     1 |       |       |       |       ||     1
       End Transformatio |       |       |       |       |       |     6 ||     6
Evoke: Wand              |       |       |       |     4 |    11 |    10 ||    25
  Use: Potion            |     2 |       |     5 |       |     5 |     3 ||    15
       Scroll            |       |    11 |     9 |     5 |    11 |    13 ||    49
 Stab: Sleeping          |       |       |     5 |     5 |     4 |     1 ||    15
       Confused          |       |       |     2 |       |       |       ||     2
       Distracted        |       |       |       |       |       |     1 ||     1
Armor: Robe              |     7 |       |    26 |     2 |       |       ||    35
       Skin              |       |     1 |       |       |       |   280 ||   281
       Steam dragon scal |       |       |       |    21 |    57 |    46 ||   124
Dodge: Dodged            |    46 |    20 |    81 |   169 |   209 |   955 ||  1480
Block: Buckler           |       |       |    22 |    89 |   150 |   691 ||   952

Table legend: (Time is in decaauts)
 A = Elapsed time spent in this place.
 B = Non-inter-level travel time spent in this place.
 C = Inter-level travel time spent in this place.
 D = Time resting spent in this place.
 E = Time spent auto-exploring this place.
 F = Levels seen in this place.
 G = Mean time per level.
                   A        B        C        D        E       F      G
               +--------+--------+--------+--------+--------+-----+--------+
         Total |  45231 |  43605 |   1626 |  24940 |  10596 |  33 | 1370.6 |
       Dungeon |  16242 |  15336 |    906 |   7998 |   4829 |  12 | 1353.5 |
        Temple |    278 |    224 |     54 |      0 |    222 |   1 |  278.0 |
          Lair |  10380 |  10034 |    346 |   6213 |   2307 |   6 | 1730.0 |
   Spider Nest |   8150 |   8046 |    104 |   5479 |   1182 |   4 | 2037.5 |
  Orcish Mines |   3574 |   3379 |    195 |   2124 |    638 |   2 | 1787.0 |
   Elven Halls |   3077 |   3058 |     19 |   1215 |   1218 |   2 | 1538.5 |
         Abyss |    910 |    910 |      0 |     69 |      0 |   4 |  227.5 |
       Ossuary |    593 |    593 |      0 |    380 |     49 |   1 |  593.0 |
      Ice Cave |   2024 |   2024 |      0 |   1459 |    149 |   1 | 2024.0 |
               +--------+--------+--------+--------+--------+-----+--------+

Top non-repeatable levels by time:
Spider:4: 3138 daAuts
    D:11: 2713 daAuts
  Lair:6: 2606 daAuts
   Orc:2: 2485 daAuts
     D:9: 2257 daAuts
    D:10: 2172 daAuts
   IceCv: 2024 daAuts
  Lair:5: 1803 daAuts
  Lair:4: 1759 daAuts
   Elf:2: 1730 daAuts
Spider:3: 1715 daAuts
  Lair:1: 1703 daAuts
Spider:1: 1686 daAuts
Spider:2: 1610 daAuts
  Lair:3: 1360 daAuts
